 Dungeon Crawl Stone Soup version 0.31-a0-844-gdc52ec4e09 (webtiles) character file.

Game seed: 6082630578759599725

15759 Kurtz the Cleaver (level 12, -5/81 HPs)
             Began as an Octopode Fighter on Sept 30, 2023.
             Was an Initiate of Gozag.
             Slain by a komodo dragon (25 damage)
             ... on level 3 of the Lair of Beasts.
             The game lasted 00:20:27 (11816 turns).

Kurtz the Cleaver (Octopode Fighter)               Turns: 11816, Time: 00:20:28

Health: -5/81      AC:  4    Str: 18    XL:     12   Next: 30%
Magic:  26/27      EV: 23    Int: 21    God:    Gozag
Gold:   1117       SH:  6    Dex: 20    Spells: 16/18 levels left

rFire   . . .        j - +2 war axe (flame)
rCold   + . .        b - +0 buckler
rNeg    + . .        E - +3 hat of Pondering {ponderous, Will+ MP+10 Int+5}
rPois   .            r - amulet of regeneration
rElec   .            n - +6 ring of dexterity
rCorr   .            B - ring of protection from fire
SInv    .            w - ring of positive energy
Will    +....        G - +5 ring of evasion
Stlth   +++          P - +6 ring of intelligence
HPRegen 1.13/turn    O - ring of ice
MPRegen 0.20/turn    (no ring)
                     (no ring)

%: no passive effects
@: wereblooded, gold aura, slow
A: almost no armour, amphibious, 8 rings, camouflage 1, gelatinous body 1,
(nimble swimmer 1), tentacles
a: Renounce Religion, Potion Petition, Call Merchant, Bribe Branch


You were on level 3 of the Lair of Beasts.
You worshipped Gozag.
Gozag was most pleased with you.
You visited 3 branches of the dungeon, and saw 15 of its levels.

You collected 2036 gold pieces.
You spent 227 gold pieces at shops.
You paid 692 gold pieces to Gozag.

Inventory:

Hand Weapons
 j - a +2 war axe of flaming (weapon)
Missiles
 f - 5 atropa-tipped darts
 o - 2 poisoned darts
 p - 23 boomerangs
 K - 3 curare-tipped darts (quivered)
Armour
 b - a +0 buckler (worn)
 E - the +3 hat of Pondering (worn) {ponderous, Will+ MP+10 Int+5}
   (You found it on level 7 of the Dungeon)

   Int+5:     It affects your intelligence (+5).
   Will+:     It increases your willpower.
   MP+10:     It affects your magic capacity (+10).
Jewellery
 n - a +6 ring of dexterity (left tentacle)
 r - an amulet of regeneration (around mantle)
 w - a ring of positive energy (on tentacle)
 B - a ring of protection from fire (right tentacle)
 G - a +5 ring of evasion (on tentacle)
 O - a ring of ice (on tentacle)
 P - a +6 ring of intelligence (on tentacle)
 Q - a ring of ice
 S - a ring of magical power
Wands
 u - a wand of flame (37)
 J - a wand of digging (4)
 M - a wand of paralysis (7)
Scrolls
 a - a scroll of enchant armour
 d - 2 scrolls of immolation
 e - 5 scrolls of vulnerability {unknown}
 g - a scroll of silence
 i - a scroll of acquirement {unknown}
 k - 2 scrolls of poison {unknown}
 l - 4 scrolls of noise {unknown}
 m - 3 scrolls of blinking {unknown}
 q - a scroll of brand weapon {unknown}
 v - a scroll of revelation {unknown}
 y - 6 scrolls of teleportation {unknown}
 A - a scroll of fear {unknown}
 I - a scroll of enchant weapon {unknown}
 L - 3 scrolls of torment {unknown}
 R - a scroll of identify
Potions
 c - a potion of might
 h - a potion of haste
 s - 2 potions of mutation
 t - 4 potions of invisibility
 x - a potion of brilliance
 z - 3 potions of curing
 C - 4 potions of heal wounds {unknown}
 D - a potion of berserk rage {unknown}
 F - 2 potions of degeneration {unknown}
 H - a potion of lignification
 N - 2 potions of resistance {unknown}


   Skills:
 + Level 7.6 Fighting
 * Level 14.8 Axes
 * Level 7.6 Dodging
 + Level 2.4 Stealth
 * Level 6.5 Shields
 - Level 3.7 Spellcasting
 - Level 3.9 Transmutations


You had 16 spell levels left.
You knew the following spells:

 Your Spells              Type           Power      Damage    Failure   Level
a - Wereblood             Tmut           20%        N/A       4%          2

Your spell library contained the following spells:

 Spells                   Type           Power      Damage    Failure   Level
 Passwall                 Tmut/Erth      10%        N/A       11%         2
 Apportation              Tloc           6%         N/A       16%         1
 Kiss of Death            Conj/Necr      12%        2d6       16%         1
 Necrotise                Necr           12%        1d4       16%         1
 Sandblast                Erth           6%         2d5       16%         1
 Slow                     Hex            12%        N/A       16%         1
 Summon Small Mammal      Summ           12%        N/A       16%         1
 Ensorcelled Hibernation  Hex/Ice        10%        N/A       22%         2
 Ignite Poison            Fire/Tmut/Pois 9%         N/A       26%         3
 Confusing Touch          Hex            3%         N/A       41%         3
 Hailstorm                Conj/Ice       5%         3d4       41%         3
 Sigil of Binding         Hex            3%         N/A       41%         3
 Stone Arrow              Conj/Erth      6%         3d7       41%         3
 Swiftness                Air            3%         N/A       41%         3
 Vampiric Draining        Necr           3%         2d6       41%         3
 Volatile Blastmotes      Fire/Tloc      6%         2d10      41%         3
 Brom's Barrelling Bould  Conj/Erth      3%         2d3       83%         4
 Dispel Undead            Necr           3%         3d7       83%         4
 Summon Ice Beast         Ice/Summ       5%         N/A       83%         4
 Irradiate                Conj/Tmut      6%         3d13      88%         5
 Plasma Beam              Fire/Air       1%         2x1d11    100%        6
 Simulacrum               Ice/Necr       Unusable   N/A       N/A         6

Dungeon Overview and Level Annotations

Branches:
Dungeon (11/15)            Temple (1/1) D:5            Lair (3/5) D:8
  Swamp: Lair:2-3    Shoals: Lair:2-3     Snake: Lair:2-3    Spider: Lair:2-3
    Orc: D:9-12

Altars:
Ashenzari
Cheibriados
Dithmenos
Elyvilon
Fedhas
Gozag
Hepliaklqana
Kikubaaqudgha
Makhleb
Nemelex Xobeh
Okawaru
Qazlal
Ru
Sif Muna
Trog
Uskayaw
Vehumet
Wu Jian
Xom
Yredelemnul
Zin
The Shining One

Shops:
Lair:1 (

Portals:
Trove: D:10 (give 14 potions of heal wounds)

Annotations:
D:7 exclusion: steam dragon, Joseph
D:9 exclusions: hydra and two-headed ogre


Innate Abilities, Weirdness & Mutations

You cannot wear most types of armour.
You are amphibious.
You can wear up to eight rings at the same time.
Your skin changes colour to match your surroundings (Stealth+).
Your rubbery body absorbs attacks. (AC +1, EV +1)
((You are camouflaged when in or above water. (Stealth+)))
You have tentacles for arms and can constrict up to eight enemies at once.


Message History

The komodo dragon bites you!!
Unknown command.
You hit the komodo dragon. You burn the komodo dragon.
The komodo dragon is moderately wounded.
You barely miss the bullfrog. The bullfrog completely misses you.
You hit the komodo dragon but do no damage.
You squeeze the komodo dragon!
The komodo dragon is heavily wounded.
You barely miss the bullfrog. You block the bullfrog's attack.
The komodo dragon bites you! You block the bullfrog's attack.
Unknown command.
You hit the komodo dragon but do no damage.
You squeeze the komodo dragon.
The komodo dragon is severely wounded.
You slash the bullfrog! You burn the bullfrog.
The komodo dragon completely misses you.
The bullfrog hits you.
Unknown command.
You hit the komodo dragon. You burn the komodo dragon.
You squeeze the komodo dragon, but do no damage.
The komodo dragon is severely wounded.
You hit the bullfrog. You burn the bullfrog. The bullfrog closely misses you.
The komodo dragon bites you!!
* * * LOW HITPOINT WARNING * * *
You are too injured to fight recklessly!
Unknown command.
You are too injured to fight recklessly!
Unknown command.
You hit the bullfrog. You burn the bullfrog.
You feel a bit better.
You kill the bullfrog!
You hit the komodo dragon. You burn the komodo dragon.
You slash the komodo dragon! You burn the komodo dragon.
The komodo dragon misses you. You block the komodo dragon's attack.
Unknown command.
You barely miss the komodo dragon.
The komodo dragon is almost dead.
You slash the komodo dragon! You burn the komodo dragon.
The komodo dragon bites you!!
You die...
Your body crumbles into a pile of gold.

.#.#.#.#### ...
........P ....#
#.......# ..#.P
#.......# ....P
##......# ..#.#
#.......# ....#
#...ll$.## ..#.##
##...@..P# ..#..#
#......P## ....##
##.......# ..#.#
#......## ....##
#####......##
.....####.P##.......#
...................##
..P.##P###..##......#
..###### ####.......#


You could see 2 komodo dragons.

Vanquished Creatures
  Fannar (Lair:2)
  2 two-headed ogres
  Amaemon (D:8)
  Pikel (D:4)
  A manticore (D:11)
  A black mamba (Lair:3)
  2 cane toads (Lair:2)
  An orange demon (D:8)
  A rime drake (Lair:2)
  Jeremiah (D:9)
  An unseen horror (D:11)
  2 komodo dragons (Lair:1)
  A hornet (Lair:1)
  5 blink frogs (Lair:1)
  25 yaks
  3 basilisks
  3 wyverns
  A steam dragon (D:9)
  8 water moccasins
  Duvessa (D:7)
  An ice beast (D:6)
  5 orc warriors
  A sky beast (D:6)
  4 black bears
  2 centaurs
  An ogre (D:5)
  A phantom (D:5)
  3 kobold brigands
  6 bullfrogs
  A gnoll sergeant (D:10)
  Dowan (D:7)
  6 killer bees (D:7)
  A lava snake (Lair:1)
  4 hounds
  A quasit (D:6)
  3 gnoll boudas
  An orc priest (D:8)
  2 jellies
  Natasha (thrice) (D:2)
  2 iguanas
  10 orc wizards
  2 sleepcaps
  19 gnolls
  8 adders
  2 shadow imps
  3 white imps (D:6)
  2 ufetubi
  2 worms
  2 dart slugs
  31 orcs
  4 ball pythons
  5 endoplasms
  3 giant cockroaches
  7 goblins
  5 hobgoblins
  2 quokkas
  8 bats
  6 frilled lizards
  16 kobolds
  7 rats
255 creatures vanquished.

Vanquished Creatures (others)
  An iguana (D:6)
1 creature vanquished.

Grand Total: 256 creatures vanquished

Notes
Turn   | Place    | Note
-------+----------+-------------------------------------------
     0 | D:1      | Kurtz the Octopode Fighter began the quest for the Orb.
     0 | D:1      | Reached XP level 1. HP: 16/16 MP: 1/1
   236 | D:1      | Reached XP level 2. HP: 21/21 MP: 2/2
   459 | D:1      | Reached skill level 3 in Axes
   703 | D:1      | Reached XP level 3. HP: 26/26 MP: 3/3
   869 | D:1      | Found a faded altar of an unknown god.
  1166 | D:2      | Noticed Natasha
  1176 | D:2      | Killed Natasha
  1177 | D:2      | Reached skill level 4 in Axes
  1177 | D:2      | Reached XP level 4. HP: 4/31 MP: 4/4
  1235 | D:2      | Noticed Natasha
  1299 | D:2      | Killed Natasha
  1305 | D:2      | Noticed Natasha
  1310 | D:2      | Killed Natasha
  1311 | D:2      | Reached skill level 5 in Axes
  1395 | D:2      | Reached XP level 5. HP: 33/36 MP: 5/5
  2475 | D:4      | Learned a level 2 spell: Wereblood
  2482 | D:4      | Identified the +0 plate armour of the Shore {rPois rCorr
                  | Slay+2}
  2604 | D:4      | Reached skill level 6 in Axes
  2604 | D:4      | Reached XP level 6. HP: 37/42 MP: 6/6
  2624 | D:4      | Got a mumbling book
  3124 | D:5      | Entered Level 5 of the Dungeon
  3125 | D:5      | Noticed Pikel
  3136 | D:4      | Killed Pikel
  3137 | D:4      | Reached skill level 8 in Axes
  3137 | D:4      | Reached XP level 7. HP: 12/46 MP: 7/7
  3290 | D:5      | Reached skill level 9 in Axes
  3290 | D:5      | Reached XP level 8. HP: 52/52 MP: 8/8
  3832 | D:5      | Reached skill level 10 in Axes
  3857 | D:5      | Found a staircase to the Ecumenical Temple.
  3880 | Temple   | Entered the Ecumenical Temple
  3889 | Temple   | Became a worshipper of Gozag Ym Sagoz the Greedy
  4539 | D:6      | Reached skill level 11 in Axes
  4618 | D:6      | Reached XP level 9. HP: 52/57 MP: 9/9
  5304 | D:7      | Found the +3 hat of Pondering {ponderous, Will+ MP+10
                  | Int+5}
  5419 | D:6      | Reached skill level 1 in Transmutations
  5498 | D:6      | Reached skill level 1 in Spellcasting
  6196 | D:7      | Noticed Dowan
  6201 | D:7      | Noticed Duvessa
  6215 | D:7      | Killed Duvessa
  6216 | D:7      | Reached skill level 12 in Axes
  6238 | D:7      | Killed Dowan
  6414 | D:7      | Noticed Joseph
  6592 | D:8      | Reached XP level 10. HP: 65/65 MP: 13/13
  6710 | D:8      | Found a stormy altar of Qazlal.
  6710 | D:8      | Found a shadowy altar of Dithmenos.
  6814 | D:8      | Reached skill level 5 in Fighting
  6993 | D:8      | Noticed an orange demon
  7043 | D:8      | Killed an orange demon
  7214 | D:8      | Noticed Amaemon
  7253 | D:8      | Killed Amaemon
  7254 | D:8      | Reached skill level 5 in Dodging
  7325 | D:8      | Found a staircase to the Lair.
  7638 | D:9      | Noticed a two-headed ogre
  7655 | D:9      | Killed a two-headed ogre
  7675 | D:9      | Noticed Jeremiah
  7693 | D:9      | Killed Jeremiah
  7922 | D:9      | Noticed a two-headed ogre
  7968 | D:9      | Reached skill level 13 in Axes
  8085 | D:9      | Found a broken altar of Ashenzari.
  8086 | D:9      | Found a bloodstained altar of Trog.
  8175 | D:9      | Noticed an eight-headed hydra
  8793 | D:9      | Reached XP level 11. HP: 60/72 MP: 15/15
  8809 | D:9      | Reached skill level 5 in Shields
  8961 | D:10     | Entered Level 10 of the Dungeon
  9035 | D:10     | Noticed a two-headed ogre
  9059 | D:10     | Killed a two-headed ogre
  9244 | D:10     | HP: 1/74 [yak (8)]
  9415 | D:10     | Found a portal to a secret trove of treasure.
  9698 | D:11     | Noticed a manticore
  9720 | D:11     | Killed a manticore
  9975 | D:11     | Noticed a cyclops
 10070 | Lair:1   | Entered Level 1 of the Lair of Beasts
 10078 | Lair:1   | Reached skill level 1 in Stealth
 10098 | Lair:1   | Reached skill level 14 in Axes
 10223 | Lair:1   | Bought a glowing war axe for 227 gold pieces
 10536 | Lair:1   | Reached XP level 12. HP: 75/81 MP: 17/17
 11480 | Lair:2   | Noticed Fannar
 11493 | Lair:2   | Killed Fannar
 11816 | Lair:3   | Slain by a komodo dragon

Illustrated notes

Levels and vault maps discovered:
D:1:      psy_arrival_radial01, layout_loops_corners,
          hellmonk_ecumenical_altar_leap_of_faith
D:2:      layout_basic, uniq_natasha
D:3:      minmay_wonky_spiral, layout_rooms, chequers_serial_rivers_micro_e,
          minmay_statues_item, kennysheep_boxes
D:4:      layout_basic
D:5:      layout_basic, temple_pool_b, uniq_pikel
D:6:      layout_loops_ring, chequers_serial_rivers_small_3
D:7:      layout_rooms, serial_shops, nicolae_shop_drivethru, serial_demonic,
          serial_demonic_b, serial_demonic_e, serial_demonic_e,
          serial_demonic_f, serial_demonic_b, serial_demonic_b, uniq_duvessa,
          uniq_joseph
D:8:      layout_loops_ring, gammafunk_temple_overflow_wave, lair_entry_dummy,
          uniq_amaemon
D:9:      layout_irregular_city, mainiacjoe_overflow_divided_tiny,
          dreamdust_wishing_well, uniq_jeremiah
D:10:     layout_cave_pools, nicolae_trove_entry_isolated
D:11:     layout_irregular_city, kennysheep_orc_monster_closet_entryway
Temple:   mainiacjoe_temple_coin_purse
Lair:1:   layout_gridlike, lemuel_old_faithful, serial_bayou_shore_b,
          grunt_megastairs_4
Lair:2:   layout_chaotic_city, chequers_serial_rivers_micro_e, uniq_fannar
Lair:3:   layout_chaotic_city, minmay_swamp_entry_worms,
          nicolae_spider_entry_orb_guardian, gammafunk_ghost_hydra_chop,
          grunt_forest_small_clearing_treed

Skill      XL: |  1  2  3  4  5  6  7  8  9 10 11 12 |
---------------+-------------------------------------+-----
Axes           | 3 4 5 6 8 9 11 12 13 14 | 14.8
Transmutations | 2 3 |  3.9
Spellcasting   | 2 3 |  3.7
Fighting       | 4 6 7 |  7.6
Dodging        | 4 5 7 |  7.6
Shields        | 4 6 |  6.5
Stealth        | 1 2 |  2.4

Action                     |  1- 3 |  4- 6 |  7- 9 | 10-12 || total
---------------------------+-------+-------+-------+-------++-------
  Melee: War axe           |    48 |    38 |       |    99 ||   185
         Constrict         |    10 |    23 |    41 |    52 ||   126
         Tentacles         |     4 |    18 |    45 |    97 ||   164
         Hand axe          |       |    48 |   215 |   301 ||   564
         Punch             |       |     2 |     2 |     6 ||    10
  Throw: Boomerang         |       |       |       |    10 ||    10
         Dart              |       |       |       |     6 ||     6
         Throwing net      |       |       |       |     2 ||     2
   Cast: Wereblood         |       |       |     2 |    18 ||    20
 Invoke: Call Merchant     |       |       |       |     1 ||     1
  Evoke: Wand              |       |       |    21 |    17 ||    38
    Use: Potion            |     1 |       |     2 |     5 ||     8
         Scroll            |       |       |       |     9 ||     9
   Stab: Sleeping          |     4 |     6 |     5 |     2 ||    17
         Distracted        |       |       |     1 |     1 ||     2
         Paralysed         |       |       |       |     3 ||     3
         Invisible         |       |       |       |     2 ||     2
 Armour: Skin              |    41 |    28 |   103 |   145 ||   317
  Dodge: Dodged            |    37 |    40 |   103 |   196 ||   376
  Block: Buckler           |    13 |    12 |    49 |    93 ||   167

Table legend: (Time is in decaauts)
 A = Elapsed time spent in this place.
 B = Non-inter-level travel time spent in this place.
 C = Inter-level travel time spent in this place.
 D = Time resting spent in this place.
 E = Time spent auto-exploring this place.
 F = Levels seen in this place.
 G = Mean time per level.
                   A        B        C        D        E       F      G
               +--------+--------+--------+--------+--------+-----+--------+
         Total |  11807 |  11109 |    698 |   2143 |   6666 |  15 |  787.1 |
       Dungeon |   9964 |   9321 |    643 |   1979 |   5354 |  11 |  905.8 |
        Temple |     18 |      9 |      9 |      0 |      0 |   1 |   18.0 |
          Lair |   1824 |   1778 |     46 |    164 |   1312 |   3 |  608.0 |
               +--------+--------+--------+--------+--------+-----+--------+

Top non-repeatable levels by time:
     D:6: 1433 daAuts
     D:9: 1386 daAuts
     D:8: 1251 daAuts
     D:1: 1168 daAuts
     D:5: 1086 daAuts
  Lair:1: 925 daAuts
     D:4: 897 daAuts
  Lair:2: 819 daAuts
     D:2: 818 daAuts
    D:10: 620 daAuts
     D:3: 508 daAuts
     D:7: 498 daAuts
    D:11: 294 daAuts
  Lair:3: 79 daAuts
  Temple: 18 daAuts
